Map: Cyber Forest LE

Players

samurayx - Winner!

  • Race: Zerg Zerg
  • League: Platinum
  • Spawn Location: 11:00

pHARM

  • Race: Zerg Zerg
  • League: Platinum
  • Spawn Location: 5:00

VOD

Have the link to the VOD?

Description

Time

  • Played on: July 18, 2019, 12:40 a.m.
  • Length: 8:50
Show
View Real Time Build Order
Export as new Build Order

samurayx Zerg - Winner!

Build Orders: Hatch First 

Get SALT Encoding   

  12  0:00  Drone  
  13  0:12  Overlord  
  13  0:19  Drone  
  14  0:34  Drone x2  
  16  0:37  Drone  
  17  0:56  Hatchery  
  16  1:00  Drone  
  16  1:01  Drone  
  18  1:16  Spawning Pool  
  18  1:18  Drone, Extractor  
  18  1:20  Drone  
  18  1:28  Drone  
  19  1:39  Overlord  
  19  1:50  Drone  
  20  2:04  Queen  
  22  2:08  Queen  
  22  2:10  Zergling x4  
  26  2:19  Metabolic Boost  
  26  2:25  Drone x3  
  29  2:39  Overlord  
  29  2:40  Queen  
  31  2:44  Queen  
  33  2:57  Roach Warren, Baneling Nest  
  31  3:14  Drone x7  
  38  3:26  Evolution Chamber  
  37  3:43  Drone x6  
  43  3:51  Hatchery  
  42  4:01  Drone  
  42  4:02  Drone  
  44  4:29  Zerg Missile Weapons Level 1  
  44  4:32  Lair  
  44  4:33  Overlord x2  
  44  4:58  Roach  
  44  4:59  Roach x6  
  57  5:11  Extractor  
  57  5:12  Drone  
  57  5:13  Drone x9  
  66  5:14  Overlord  
  66  5:15  Overlord  
  66  5:34  Hatchery  
  65  5:38  Drone  
  65  5:40  Drone  
  65  5:41  Drone  
  65  5:42  Drone x12  
  80  5:45  Extractor x2  
  78  5:50  Evolution Chamber  
  77  5:59  Zergling x6  
  76  6:23  Zerg Ground Armor Level 1  
  72  6:25  Zerg Missile Weapons Level 2  
  72  6:27  Drone x10  
  80  6:37  Glial Reconstitution  
  72  6:49  Roach x4  
  72  6:51  Overlord  
  72  6:52  Overlord x7  
  80  6:57  Extractor x2  
  78  7:18  Hydralisk Den  
  78  7:20  Infestation Pit, Roach x10  
  94  7:33  Spine Crawler  
  94  7:34  Spore Crawler, Spine Crawler  
  91  7:40  Roach x5  
  91  7:41  Roach x4  
  108  7:49  Spine Crawler  
  103  7:54  Pneumatized Carapace  
  101  8:01  Drone x2  
  101  8:02  Drone x4  
  101  8:03  Drone  
  102  8:30  Roach x11  
Show
View Real Time Build Order
Export as new Build Order

pHARM Zerg 

Build Orders: Hatch First, Zergling Baneling 

Get SALT Encoding   

  12  0:01  Drone  
  13  0:12  Drone  
  14  0:33  Overlord  
  14  0:49  Hatchery  
  13  0:51  Drone  
  13  0:52  Drone x2  
  16  1:02  Drone  
  17  1:13  Drone  
  17  1:17  Extractor  
  17  1:27  Spawning Pool  
  17  1:28  Drone  
  17  1:40  Drone  
  18  1:49  Drone  
  19  1:56  Drone  
  20  2:18  Overlord  
  20  2:19  Zergling x4, Queen x2  
  20  2:22  Drone  
  27  2:23  Baneling Nest  
  27  2:25  Drone  
  27  2:32  Drone  
  28  2:40  Drone x2  
  28  2:42  Metabolic Boost  
  30  2:44  Overlord  
  28  3:10  Drone  
  28  3:11  Drone x3  
  32  3:18  Zergling x4  
  34  3:28  Zergling x4  
  36  3:40  Baneling x4  
  36  3:42  Zergling x2  
  36  3:43  Zergling x4  
  39  3:48  Zergling x2  
  39  3:49  Zergling x8  
  42  4:26  Baneling x7  
  42  4:31  Drone x2  
  43  4:33  Overlord x3  
  44  4:41  Hatchery  
  43  4:59  Drone x8  
  52  5:00  Drone x2  
  52  5:14  Roach Warren  
  52  5:16  Overlord  
  52  5:20  Evolution Chamber  
  50  5:30  Lair  
  50  5:34  Extractor  
  50  5:35  Drone x3  
  50  5:36  Drone x6  
  50  5:39  Extractor  
  50  5:40  Extractor  
  56  5:48  Zerg Missile Weapons Level 1  
  56  5:50  Zergling x8  
  58  6:07  Zergling x2  
  58  6:08  Zergling x14  
  59  6:15  Zergling x6  
  59  6:26  Pneumatized Carapace  
  53  6:44  Roach x3  
  59  7:11  Roach x8  
  59  7:12  Zergling x4  
  59  7:13  Zergling x2  
  59  7:15  Queen  
  79  7:30  Roach  
  79  7:31  Overlord x3  
  79  7:46  Roach  
  79  7:47  Roach  
  70  8:19  Nydus Network  
  66  8:22  Hydralisk Den, Roach x10  
Tags
 
Add a new tag
Caveats
  • Supply blocks, unpowered buildings, or Contaminate may cause inaccurate times.
  • Supply counts are checked every 10 seconds.